 Dungeon Crawl Stone Soup version 0.31-a0-261-g072fdb8a1f (webtiles) character file.

Game seed: 8428409435403337946

237 qw the Shooter (level 5, -5/45 HPs)
             Began as a Minotaur Hexslinger on July 13, 2023.
             Was an Initiate of Okawaru.
             Slain by Duvessa
             ... wielding a +2 short sword of electrocution
              (19 damage)
             ... on level 4 of the Dungeon.
             The game lasted 00:00:59 (2638 turns).

qw the Shooter (Minotaur Hexslinger)                Turns: 2638, Time: 00:00:59

Health: -5/45      AC:  4    Str:  8    XL:     5   Next: 77%
Magic:  5/5        EV: 12    Int: 10    God:    Okawaru [......]
Gold:   132        SH:  0    Dex: 15    Spells: 5/6 levels left

rFire   . . .        Y - +2 sling
rCold   . . .        (no shield)
rNeg    . . .        g - +1 robe "Nefipn" {Fly rPois Str-4 Slay+6}
rPois   +            (helmet restricted)
rElec   .            (no cloak)
rCorr   .            i - +0 pair of gloves "Kuehiq" {SInv Stlth+}
SInv    +            (no boots)
Will    .....        (no amulet)
Stlth   ++           (no ring)
HPRegen 0.27/turn    (no ring)
MPRegen 0.09/turn

%: no passive effects
@: flying
A: horns 2, retaliatory headbutt
a: Renounce Religion


You were on level 4 of the Dungeon.
You worshipped Okawaru.
Okawaru was noncommittal.
You visited 1 branch of the dungeon, and saw 4 of its levels.

You collected 132 gold pieces.


Innate Abilities, Weirdness & Mutations

You have a pair of horns on your head.
You reflexively headbutt those who attack you in melee.


   Skills:
 + Level 3.0 Fighting
 - Level 6.0 Ranged Weapons
 - Level 1.1 Armour
 - Level 2.1 Dodging
 - Level 1.0 Spellcasting
 - Level 2.0 Hexes


You had 5 spell levels left.
You knew the following spells:

 Your Spells              Type           Power      Damage    Failure   Level
a - Slow                  Hex            16%        N/A       16%         1

Your spell library contained the following spells:

 Spells                   Type           Power      Damage    Failure   Level
 Inner Flame              Hex/Fire       2%         N/A       56%         3
 Portal Projectile        Hex/Tloc       4%         N/A       56%         3
 Cause Fear               Hex            2%         N/A       83%         4

Inventory:

Hand Weapons
 Y - a +2 sling (weapon)
Armour
 g - the +1 robe "Nefipn" (worn) {Fly rPois Str-4 Slay+6}
   (You found it on level 3 of the Dungeon)

   Str:       It affects your strength (-4).
   Slay:      It affects your accuracy & damage with ranged weapons and melee
   (+6).
   rPois:     It protects you from poison.
   Fly:       It grants you flight.
 i - the +0 pair of gloves "Kuehiq" (worn) {SInv Stlth+}
   (You found it on level 2 of the Dungeon)

   SInv:      It lets you see invisible.
   Stlth:     It makes you more stealthy.
Scrolls
 b - a scroll of identify
Potions
 a - a potion of might
 c - a potion of haste
 d - a potion of cancellation
 e - a potion of curing {unknown}
 f - a potion of berserk rage {unknown}
 h - 2 potions of heal wounds
 k - a potion of mutation {unknown}

Dungeon Overview and Level Annotations

Branches:
Dungeon (4/15)
 Temple: D:4-7

Altars:
Okawaru

Shops:
D:1 (   D:4 =

Annotations:
D:3 1 runed translucent door, Crazy Yiuf
D:4 Dowan, Duvessa


Message History

You shoot a sling bullet. The sling bullet hits the iguana!
The iguana is heavily wounded.
You shoot a sling bullet.
The sling bullet hits the iguana but does no damage.
The iguana is heavily wounded.
You shoot a sling bullet.
The sling bullet hits the iguana but does no damage.
The iguana is heavily wounded.
You shoot a sling bullet. The sling bullet hits the iguana!
You kill the iguana!
Okawaru accepts your kill.
Your Ranged Weapons skill increases to level 6!
You reach down and open the door.
There is an open door here.
You reach down and open the door.
There is an open door here.
You now have 132 gold pieces (gained 7).
There is an open door here.
You reach down and open the door.
Duvessa, Sister of Dowan comes into view.
She is wielding a +2 short sword of electrocution.
There is an open door here.
Enter note:
Enter note: You shoot a sling bullet.
The sling bullet hits Duvessa.
Duvessa shouts!
Duvessa is lightly wounded.
You hear a shout!
Dowan, Brother of Duvessa comes into view.
He is wielding a +1 dagger of venom.
You shoot a sling bullet. The sling bullet hits Duvessa!
Duvessa is heavily wounded.
You shoot a sling bullet. The sling bullet hits Duvessa.
Duvessa is severely wounded.
Duvessa hits you with a +2 short sword of electrocution!
You are electrocuted!!
You shoot a sling bullet. The sling bullet hits Duvessa.
Duvessa is severely wounded.
Dowan generates a fountain of clear water, and laughs cruelly.
Duvessa hits you with a +2 short sword of electrocution.
You are electrocuted!!
You die...

#............#.....
#..###'#######....%
#..##...##...#.....
#............#.....
#............#.....
#............#.....
#............#.....
#..##...##...#.....
##@#######...#.....
#....e...........####'#
#+###e................#
##+########..##...#
#..##...# #..##...#
#...#...# #...+...#
##+######


You could see Duvessa and Dowan.

Vanquished Creatures
  Natasha (thrice) (D:3)
  An iguana (D:4)
  7 adders
  2 worms (D:2)
  A dart slug (D:2)
  6 endoplasms
  5 giant cockroaches
  9 hobgoblins
  4 jackals (D:3)
  5 kobolds
  4 quokkas
  4 ball pythons
  6 bats
  4 frilled lizards
  2 goblins
  2 rats
65 creatures vanquished.

Notes
Turn   | Place    | Note
-------+----------+-------------------------------------------
     0 | D:1      | qw the Minotaur Hexslinger began the quest for the Orb.
     0 | D:1      | Reached XP level 1. HP: 16/16 MP: 1/1
     0 | D:1      | 0 ||| qw: Version: 0.3-a-52-g30416fa
     0 | D:1      | 0 ||| qw: Game counter: 7011
     0 | D:1      | 0 ||| qw: Melee chars always use a shield: true
     0 | D:1      | 0 ||| qw: God list: Okawaru
     0 | D:1      | 0 ||| qw: Allow faded altars: false
     0 | D:1      | 0 ||| qw: Do Orc after clearing Dungeon:15 true
     0 | D:1      | 0 ||| qw: Do second Lair branch before Depths: true
     0 | D:1      | 0 ||| qw: Lair rune preference: random
     0 | D:1      | 0 ||| qw: Goals: Normal
     0 | D:1      | 0 ||| PLANNING D:1-11
    96 | D:1      | Reached skill level 3 in Ranged Weapons
    98 | D:1      | Reached XP level 2. HP: 23/23 MP: 2/2
   432 | D:1      | Found Ukauwk's Antique Weapon Boutique.
   441 | D:1      | 441 ||| SHOPLISTING runed sling (139 gold, have 0).
   441 | D:1      | 441 ||| SHOPLISTING twisted sling (201 gold, have 0).
   850 | D:1      | 850 ||| UPGRADING to +0 ring mail.
   860 | D:1      | 860 ||| DROPPING +0 robe.
   861 | D:1      | 861 ||| READING scroll labelled KIGEJA GEWO.
   862 | D:1      | 862 ||| READING scroll labelled NAUJ CIXZEVOV.
   863 | D:1      | 863 ||| READING scroll labelled KIFEUNEMPUSH.
   964 | D:1      | 964 ||| DROPPING scroll of poison.
   983 | D:2      | Reached XP level 3. HP: 24/29 MP: 3/3
  1033 | D:2      | Reached skill level 4 in Ranged Weapons
  1040 | D:2      | Reached skill level 1 in Armour
  1177 | D:2      | Reached XP level 4. HP: 36/36 MP: 4/4
  1224 | D:2      | Found an iron altar of Okawaru.
  1225 | D:2      | 1225 ||| PLANNING OKAWARU WORSHIP
  1225 | D:2      | 1225 ||| READING scroll labelled VASEYPLIES.
  1230 | D:2      | 1230 ||| READING scroll labelled YNEURE UMEMOO.
  1231 | D:2      | 1231 ||| READING scroll labelled KET ELAEMEU.
  1260 | D:2      | Became a worshipper of Warmaster Okawaru
  1261 | D:2      | 1261 ||| PLANNING D:1-11
  1354 | D:2      | Identified the +0 pair of gloves "Kuehiq" {SInv Stlth+}
  1518 | D:2      | 1518 ||| UPGRADING to +0 pair of gloves "Kuehiq" {SInv
                  | Stlth+}.
  1523 | D:2      | 1523 ||| READING scroll labelled IZAWKA VYQI.
  1524 | D:2      | 1524 ||| DRINKING 2 inky potions.
  1525 | D:2      | 1525 ||| READING 2 scrolls of identify.
  1525 | D:2      | 1525 ||| IDENTIFYING bubbling inky potion
  1588 | D:3      | Reached skill level 5 in Ranged Weapons
  1625 | D:3      | Identified the +1 robe "Nefipn" {Fly rPois Str-4 Slay+6}
  1695 | D:3      | Noticed Natasha
  1696 | D:3      | 1696 ||| Stepping ~*~*~tactically~*~*~ (outnumbered).
  1705 | D:3      | Killed Natasha
  1706 | D:3      | Reached XP level 5. HP: 20/44 MP: 5/5
  1828 | D:3      | Reached skill level 3 in Fighting
  2241 | D:3      | Noticed Natasha
  2243 | D:3      | 2243 ||| FLEEEEING.
  2244 | D:3      | 2244 ||| FLEEEEING.
  2245 | D:3      | 2245 ||| FLEEEEING.
  2246 | D:3      | 2246 ||| FLEEEEING.
  2247 | D:3      | 2247 ||| STAIRDANCE
  2271 | D:2      | 2271 ||| UPGRADING to +1 robe "Nefipn" {Fly rPois Str-4
                  | Slay+6}.
  2281 | D:2      | 2281 ||| DROPPING +0 ring mail.
  2282 | D:2      | 2282 ||| READING scroll labelled BABOPTEFEP.
  2283 | D:2      | 2283 ||| READING 2 scrolls of identify.
  2283 | D:2      | 2283 ||| IDENTIFYING black potion
  2289 | D:3      | Killed Natasha
  2385 | D:3      | Noticed Natasha
  2389 | D:3      | Killed Natasha
  2454 | D:3      | Found a runed translucent door.
  2455 | D:3      | Noticed Crazy Yiuf
  2490 | D:3      | Found a faded altar of an unknown god.
  2545 | D:3      | 2545 ||| READING 2 scrolls of identify.
  2545 | D:3      | 2545 ||| IDENTIFYING emerald potion
  2567 | D:4      | Found Nuloh's Jewellery Shop.
  2570 | D:4      | 2570 ||| SHOPLISTING ring of ice (300 gold, have 125).
  2570 | D:4      | 2570 ||| SHOPLISTING ring of positive energy (240 gold,
                  | have 125).
  2570 | D:4      | 2570 ||| SHOPLISTING ring of protection from fire (300
                  | gold, have 125).
  2570 | D:4      | 2570 ||| SHOPLISTING ring of see invisible (180 gold, have
                  | 125).
  2591 | D:4      | Reached skill level 6 in Ranged Weapons
  2634 | D:4      | Noticed Duvessa
  2635 | D:4      | Noticed Dowan
  2638 | D:4      | Slain by Duvessa

Levels and vault maps discovered:
D:1:      amcnicky_arrival_abandoned_market, layout_basic, serial_shops,
          nicolae_shop_dealshenge
D:2:      layout_rooms, basic_altar
D:3:      layout_basic, ebering_ecumenical_altar_hall, uniq_natasha,
          uniq_crazy_yiuf_cottage
D:4:      layout_gridville, trog_hazing_becter, serial_shops,
          nicolae_shop_waterfront, nicolae_take_the_stairs,
          nicolae_stop_n_shop_1, nicolae_inconvenience_store,
          nicolae_shop_real_fake_doors, ebering_ghost_gozag, uniq_duvessa

Skill      XL: |  1  2  3  4  5 |
---------------+----------------+-----
Ranged Weapons | 3 4 5 6 |  6.0
Fighting       | 2 3 |  3.0
Armour         | 1 |  1.1
Dodging        | |  2.1
Spellcasting   | |  1.0
Hexes          | |  2.0

Action                     |  1- 3 |  4- 6 || total
---------------------------+-------+-------++-------
   Fire: Sling             |   113 |    94 ||   207
    Use: Scroll            |     3 |     8 ||    11
         Potion            |       |     1 ||     1
 Armour: Ring mail         |    11 |    10 ||    21
         Robe              |     1 |     1 ||     2
  Dodge: Dodged            |    30 |    12 ||    42

Table legend:
 A = Non-vault XP
 B = Vault XP
 C = Vault XP percentage of total XP
 D = Non-vault monster count
 E = Vault monster count
 F = Vault count percentage of total count
                 A         B        C        D         E       F
            +---------+---------+-------+---------+---------+-------
      Total |     300 |      39 |  11.5 |      64 |       1 |   1.5
            +---------+---------+-------+---------+---------+-------
        D:1 |      37 |       0 |   0.0 |      23 |       0 |   0.0
        D:2 |     114 |       0 |   0.0 |      22 |       0 |   0.0
        D:3 |     113 |      39 |  25.7 |      18 |       1 |   5.3
        D:4 |      36 |       0 |   0.0 |       1 |       0 |   0.0
            +---------+---------+-------+---------+---------+-------
